 Dungeon Crawl Stone Soup version 0.31-a0-1496-g79c7dd0eeb (webtiles) character file.

Game seed: 244946388709310619

258986 catramo the Brawler (level 19, -2/249 HPs)
             Began as a Troll Shapeshifter on Dec 29, 2023.
             Was the Champion of Wu Jian.
             Slain by Mennas
             ... wielding a +3 trishula of holy wrath
              (18 damage)
             ... on level 2 of the Vaults.
             The game lasted 01:18:05 (27849 turns).

catramo the Brawler (Troll Shapeshifter)           Turns: 27849, Time: 01:18:06

Health: -2/249     AC: 35    Str: 31    XL:     19   Next: 13%
Magic:  18/18      EV: 14    Int:  8    God:    Wu Jian [******]
Gold:   5083       SH:  0    Dex: 15    Spells: 18/18 levels left

rFire   + .          .
                       - Unarmed
rCold   + . .        (no shield)
rNeg    + . .        H - melded +0 swamp dragon scales
rPois   ∞            (helmet restricted)
rElec   +            m - +0 cloak
rCorr   +            (gloves unavailable)
SInv    .            (boots unavailable)
Will    ++...        k - amulet "Paedexuc" {Rampage Regen+ Dex+3}
Stlth   +            l - ring of Dim Light {Will+ AC+4 Slay+2}
HPRegen 2.21/turn    W - ring of Meitofre {^Contam rF+ rC+ rCorr Dex+3}
MPRegen 0.16/turn

%: no passive effects
@: statue-form, glowing, silenced, very slow
A: slow and powerful, torment resistance 1, boosted hp, large, unfitting armour,
claws 3, regeneration 1, (shaggy fur 1), (tough skin 1)
}: 2/15 runes: decaying, gossamer
a: Begin Untransformation, Renounce Religion, Wall Jump


You were on level 2 of the Vaults.
You worshipped Wu Jian.
Wu Jian was exalted by your worship.
You were a living statue of rough stone.
You visited 7 branches of the dungeon, and saw 33 of its levels.
You also visited: Sewer and Bailey.

You collected 6238 gold pieces.
You spent 1155 gold pieces at shops.

Inventory:

Armour
 a - a +1 animal skin
 m - a +0 cloak (worn)
 H - +0 swamp dragon scales (melded)
 Y - a scarf of invisibility
Jewellery
 k - the amulet "Paedexuc" (around neck) {Rampage Regen+ Dex+3}
   (You acquired it on level 2 of the Dungeon)

   [amulet of regeneration]

   Dex+3:     It affects your dexterity (+3).
   Regen+:    It increases your rate of health regeneration.
   Rampage:   It bestows one free step when moving towards enemies.
 l - the ring of Dim Light (left claw) {Will+ AC+4 Slay+2}
   (You found it in a sewer)

   [ring of protection]

   AC+4:      It affects your AC (+4).
   Slay+2:    It affects your accuracy & damage with ranged weapons and melee
   (+2).
   Will+:     It increases your willpower.
 u - the ring "Plog" {rElec AC+4}
   (You found it on level 14 of the Dungeon)

   [ring of protection]

   AC+4:      It affects your AC (+4).
   rElec:     It insulates you from electricity.
 B - a ring of flight
 W - the ring of Meitofre (right claw) {^Contam rF+ rC+ rCorr Dex+3}
   (You acquired it on level 11 of the Dungeon)

   [ring of protection from fire]

   Dex+3:     It affects your dexterity (+3).
   rF+:       It protects you from fire.
   rC+:       It protects you from cold.
   ^Contam:   It causes magical contamination when unequipped.
   rCorr:     It protects you from acid and corrosion.
Talismans
 o - a dragon-blood talisman
 x - a granite talisman (active)
Wands
 G - a wand of polymorph (8)
 K - a wand of mindburst (21)
 L - a wand of flame (76)
 R - a wand of charming (9)
 S - a wand of acid (11)
 T - a wand of digging (34)
 Z - a wand of iceblast (16)
Scrolls
 c - a scroll of silence
 d - a scroll of enchant armour
 f - 8 scrolls of poison
 j - 6 scrolls of fog
 n - 3 scrolls of blinking
 p - 14 scrolls of immolation
 y - 2 scrolls of amnesia
 z - 4 scrolls of fear
 I - a scroll of butterflies
 J - 16 scrolls of teleportation
 M - 6 scrolls of identify
 O - a scroll of revelation
 P - 3 scrolls of vulnerability
Potions
 b - 5 potions of lignification
 e - 2 potions of invisibility
 h - 2 potions of resistance
 q - a potion of enlightenment
 s - 3 potions of brilliance
 t - 12 potions of curing
 v - 2 potions of haste
 A - a potion of berserk rage
 C - 3 potions of might
 E - 4 potions of mutation
 N - 5 potions of attraction
 Q - 2 potions of cancellation
 X - 4 potions of ambrosia
Miscellaneous
 U - a phantom mirror
 V - a box of beasts


   Skills:
 + Level 12.7 Fighting
 - Level 10.0 Dodging
 * Level 20.8 Unarmed Combat
 + Level 6.8 Evocations
 * Level 19.1 Shapeshifting


You had 18 spell levels left.
You didn't know any spells.
Your spell library contained the following spells:

 Spells                   Type           Power      Damage    Failure   Level
 Freeze                   Ice            0%         1d3       41%         1
 Necrotise                Necr           0%         1d4       41%         1
 Cigotuvi's Dreadful Rot  Necr/Alch/Air  0%         N/A       54%         2
 Call Canine Familiar     Summ           0%         N/A       78%         3
 Frozen Ramparts          Ice            0%         1d1       78%         3
 Hailstorm                Conj/Ice       0%         3d5       78%         3
 Ozocubu's Armour         Ice            0%         N/A       78%         3
 Sigil of Binding         Hex            0%         N/A       78%         3
 Vampiric Draining        Necr           0%         2d6       78%         3
 Animate Dead             Necr           0%         N/A       99%         4
 Dimensional Bullseye     Hex/Tloc       0%         N/A       99%         4
 Dispel Undead            Necr           0%         3d6       99%         4
 Martyr's Knell           Necr/Summ      0%         N/A       99%         4
 Passage of Golubria      Tloc           0%         N/A       99%         4
 Borgnjor's Vile Clutch   Necr/Erth      0%         N/A       100%        5
 Curse of Agony           Necr           0%         N/A       100%        5
 Iskenderun's Battlesphe  Conj           0%         2d6       100%        5
 Metabolic Englaciation   Hex/Ice        0%         N/A       100%        5
 Silence                  Hex/Air        0%         N/A       100%        5
 Bombard                  Conj/Erth      0%         9d1       100%        6
 Death Channel            Necr           0%         N/A       100%        6
 Sculpt Simulacrum        Ice/Alch       0%         N/A       100%        6
 Malign Gateway           Summ/Tloc      0%         N/A       100%        7
 Spellforged Servitor     Conj/Summ      0%         N/A       100%        7
 Lehudib's Crystal Spear  Conj/Erth      0%         10d2      100%        8
 Summon Horrible Things   Summ           0%         N/A       100%        8


Dungeon Overview and Level Annotations

Branches:
Dungeon (15/15) Zot: 25141  Temple (1/1) D:4 Zot: 5969    Lair (5/5) D:10 Zot: 24326
  Swamp (4/4) Lair:3 Zot: 19425  Spider (4/4) Lair:2 Zot: 18151   Slime (0/5) Lair:5
    Orc (2/2) D:12 Zot: 9319     Elf (0/3) Orc:2        Vaults (2/5) D:14 Zot: 10605
 Depths (0/4) D:15          Sewer (visited)          Bailey (visited)
  Crypt: Vaults:2-3

Altars:
Ashenzari
Cheibriados
Dithmenos
Elyvilon
Fedhas
Gozag
Hepliaklqana
Kikubaaqudgha
Makhleb
Nemelex Xobeh
Okawaru
Qazlal
Ru
Sif Muna
Trog
Uskayaw
Vehumet
Wu Jian
Xom
Yredelemnul
Zin
The Shining One
Jiyva

Shops:
D:1 (   D:2 =   D:6 !   D:9 *   D:12 (   Orc:1 ?   Orc:2 ([*=

Portals:
Trove: D:11 (give +6 demon blade)

Annotations:
D:7 Maurice
Temple 2 transporters
Lair:1 1 runed translucent door, MrClown's ghost, journeyman MiGl
Vaults:2 Mennas


Innate Abilities, Weirdness & Mutations

You are a living statue of rough stone.
Your actions are slow, but your melee attacks are powerful.
You are resistant to unholy torment.
Your maximum health is greatly increased.
Your equipment is partially melded.
You are too large for most types of armour.
You are immune to poison.
You have claws for hands.
Your natural rate of healing is unusually fast.
((You are covered in fur. (AC +1)))
((You have tough skin. (AC +1)))


Message History

Mennas misses you. Mennas closely misses you.
The deep troll bites you but does no damage.
The deep troll closely misses you.
The deep troll claws you but does no damage.
The deep troll bites you.
* * * LOW HITPOINT WARNING * * *
The deep troll claws you but does no damage.
The deep troll claws you.
* * * LOW HITPOINT WARNING * * *
The deep troll bites you but does no damage.
The deep troll claws you but does no damage.
The deep troll claws you.
* * * LOW HITPOINT WARNING * * *
The ironbound convoker closely misses you.
The yaktaur hits you but does no damage.
Magic scrolls do not work when you're silenced!
Okay, then.
You spin and attack the deep troll.
You eviscerate the deep troll!!!
You kill the deep troll!
The Council accepts your kill.
The troll leather armour is intact enough to wear.
You spin and attack the yaktaur repeatedly.
You mangle the yaktaur!!
The yaktaur is severely wounded.
You eviscerate the yaktaur!!!
You kill the yaktaur!
The Council accepts your kill.
You spin and attack the ironbound convoker.
You claw the ironbound convoker!
The ironbound convoker is moderately wounded.
The ironbound convoker hits you but does no damage.
Mennas hits you but does no damage.
Mennas hits you from afar with a +3 trishula of holy wrath!
* * * LOW HITPOINT WARNING * * *
There is a large open door here.
You feel much better.
Mennas hits you from afar with a +3 trishula of holy wrath!!
* * * LOW HITPOINT WARNING * * *
Mennas hits you from afar with a +3 trishula of holy wrath!!
You die...

,* *,,,...############.,,,,****
,* *,,,...##.........+.,,,,*,,,
******,,,...##.........#.,,,,*,,,
,,,,,*,,,...##.........#.,,,,*,,*
,,,,,+,,,...##...<.....#.,,,,**+*
,,,,,****#####.........#.,,,,*,,,
,,,,,* #####....(....#.,,,,*,,,
,,<,,* #####.........#.,,,,+,,,
,,,,,* ######p8#######.,,,,****
,,,,,* #####.cTT.#####.,,,,*,,*
,,,,,* #...)A)...#####.,,,,*,,,
,,,,,* #.........#####.,,,,*,,,
,,,,,* #..#......#####,,,,,****
****** #.........# *,,,,,****
#.........# *,,,,,*,,,
#.#.....#.#****,,,,,*,,,
#.#.....#..,*,+,,,,,*,,,


You could see Mennas (strong, silencing), 2 deep trolls, an ironbound convoker
and a yaktaur.

Vanquished Creatures
  Agnes (Spider:3)
  Kirke (D:15)
  Roxanne (Swamp:2)
  2 thorn hunters
  Aizul (Vaults:1)
  3 emperor scorpions
  2 vault wardens
  4 ghost moths
  An orc warlord (Orc:1)
  3 broodmothers
  5 ironbound preservers (Vaults:1)
  An ironbound thunderhulk (Vaults:1)
  A formless jellyfish (Vaults:1)
  3 eleionomae
  5 bunyips
  A deep elf annihilator (Vaults:1)
  4 dire elephants (Vaults:1)
  5 spark wasps
  An ettin (D:15)
  5 entropy weavers
  A shambling mangrove (Swamp:3)
  14 hydras
  Harold (D:11)
  3 yaktaur captains (Vaults:1)
  A vault guard (Vaults:2)
  An ogre mage (D:14)
  3 catoblepae (Lair:5)
  A great orb of eyes (Vaults:1)
  2 ironbound frosthearts
  A ghost crab (Swamp:1)
  5 alligators
  4 jorogumos
  4 radroaches
  4 two-headed ogres
  6 boulder beetles
  3 centaur warriors
  11 demonic crawlers
  11 death yaks (Lair:5)
  3 orc high priests
  A tengu warrior (D:14)
  Urug (Orc:1)
  A hell knight (D:15)
  A skyshark (Lair:5)
  8 pharaoh ants
  5 goliath frogs
  4 spriggan druids
  A glowing orange brain (shapeshifter) (Vaults:1)
  3 skeletal warriors (D:15)
  18 deep trolls
  12 orb spiders
  4 arcanists (Vaults:1)
  9 bog bodies (Swamp:4)
  12 swamp dragons
  3 sun moths
  8 deep elf pyromancers
  6 lindwurms (Vaults:1)
  A deep elf archer (D:14)
  A wolf spider zombie (D:13)
  5 steelbarb worms
  6 ironbound convokers (Vaults:1)
  5 harpies (Vaults:1)
  11 orc knights
  20 wolf spiders
  6 cyclopes
  2 moths of wrath
  5 orc sorcerers (Orc:2)
  7 will-o-the-wisps
  26 ugly things
  6 manticores
  9 meliai
  4 black mambas
  15 elephants (Lair:5)
  A meliai (shapeshifter) (D:14)
  6 vault sentinels (Vaults:1)
  11 centaur zombies (D:13)
  9 torpor snails
  3 kobold blastminers
  4 orange demons (Orc:1)
  10 cane toads
  An unseen horror (D:11)
  9 yaktaurs
  4 rime drakes
  6 komodo dragons
  Maggie (D:7)
  An efreet (D:14)
  4 tengu conjurers
  11 trolls
  11 tyrant leeches
  A harpy zombie (D:13)
  A bloated husk (Swamp:1)
  11 hornets
  A queen bee (Spider:4)
  32 tarantellas
  23 blink frogs
  14 dream sheep
  36 jumping spiders
  27 culicivoras
  Sigmund (D:2)
  3 wraiths
  A shadow (D:10)
  18 slime creatures
  6 spriggans
  4 wyverns
  2 hogs (D:15)
  39 yaks
  3 steam dragons
  10 vampire mosquitoes
  10 wargs
  42 redbacks
  3 basilisks
  2 acid dragons
  18 swamp worms
  15 water moccasins
  51 orc warriors
  2 black bears
  2 sky beasts
  13 swamp drakes
  11 ogres
  4 boggarts (D:13)
  5 wolves (Lair:5)
  7 centaurs
  A phantom (D:8)
  2 kobold brigands
  10 bullfrogs
  5 scorpions
  15 wights
  A hornet simulacrum (D:15)
  32 killer bees
  3 electric eels
  21 orc priests
  A bombardier beetle (D:4)
  A gnoll bouda (D:7)
  3 hounds
  7 jellies
  A boggart zombie (D:13)
  An iguana (D:5)
  20 orc wizards
  11 gnolls
  9 adders
  A white imp (D:6)
  2 ufetubi (D:6)
  4 worms
  A dart slug (D:1)
  92 orcs
  9 bats
  9 endoplasms
  19 giant cockroaches
  5 goblins
  9 hobgoblins
  4 jackals (D:2)
  6 quokkas
  13 ball pythons
  9 frilled lizards
  16 kobolds
  11 rats
1219 creatures vanquished.

Vanquished Creatures (collateral kills)
  the Lernaean hydra (Swamp:4)
  A hydra (Swamp:1)
2 creatures vanquished.

Vanquished Creatures (others)
  A deep troll (Vaults:1)
  2 bloated husks
  A spriggan (Swamp:1)
  A human (D:15)
  A redback (Spider:2)
  A swamp worm (Swamp:1)
  A swamp drake (Swamp:1)
  20 foxfires
28 creatures vanquished.

Grand Total: 1249 creatures vanquished

Notes
Turn   | Place    | Note
-------+----------+-------------------------------------------
     0 | D:1      | catramo the Troll Shapeshifter began the quest for the Orb.
     0 | D:1      | Reached XP level 1. HP: 18/18 MP: 0/0
    42 | D:1      | Reached skill level 1 in Fighting
   184 | D:1      | Reached XP level 2. HP: 27/27 MP: 1/1
   326 | D:1      | Found Wocirgh's Weapon Emporium.
   326 | D:1      | Noticed a +3 demon blade
   326 | D:1      | Noticed a +0 bardiche
   533 | D:1      | Reached XP level 3. HP: 32/33 MP: 2/2
   659 | D:2      | Noticed Sigmund
   734 | D:2      | Identified 3 scrolls of acquirement
   734 | D:2      | Acquired the amulet "Paedexuc" {Rampage Regen+ Dex+3}
   742 | D:1      | Acquired 996 gold pieces
   747 | D:1      | Acquired 989 gold pieces
  1000 | D:3      | Reached skill level 4 in Unarmed Combat
  1132 | D:3      | Reached XP level 4. HP: 40/41 MP: 3/3
  1157 | D:3      | Found a glowing drain.
  1178 | Sewer    | Entered a sewer
  1397 | Sewer    | Reached XP level 5. HP: 49/49 MP: 4/4
  1410 | Sewer    | Reached skill level 5 in Unarmed Combat
  1412 | Sewer    | Identified the ring of Dim Light {Will+ AC+4 Slay+2}
  1457 | D:3      | Reached XP level 6. HP: 58/59 MP: 5/5
  2049 | D:4      | Found a staircase to the Ecumenical Temple.
  2068 | Temple   | Found a transporter.
  2068 | Temple   | Found a transporter.
  2068 | Temple   | Found a transporter.
  2068 | Temple   | Found a transporter.
  2068 | Temple   | Entered the Ecumenical Temple
  2083 | Temple   | Became a worshipper of the Wu Jian Council
  2677 | D:5      | Entered Level 5 of the Dungeon
  2803 | D:5      | Reached skill level 6 in Unarmed Combat
  2803 | D:5      | Reached XP level 7. HP: 51/67 MP: 6/6
  3017 | D:5      | Reached skill level 5 in Shapeshifting
  3397 | D:5      | Reached skill level 7 in Unarmed Combat
  3397 | D:5      | Reached XP level 8. HP: 65/75 MP: 7/7
  3690 | D:2      | Found Hisouda's Jewellery Boutique.
  3693 | D:2      | Bought a serpent talisman for 300 gold pieces
  3693 | D:2      | Bought a granite talisman for 600 gold pieces
  3738 | D:2      | Killed Sigmund
  3821 | D:2      | Reached * piety under Wu Jian
  3843 | D:2      | Found a radiant altar of Vehumet.
  4481 | D:6      | Reached skill level 8 in Unarmed Combat
  5102 | D:6      | Reached XP level 9. HP: 85/85 MP: 8/8
  5145 | D:6      | Identified the +7 quarterstaff "Cipris" {elec, Str+7}
  5394 | D:6      | Found Plog's Distillery.
  5830 | D:7      | Noticed Maurice
  6021 | D:7      | Noticed Maggie
  6029 | D:7      | Killed Maggie
  6029 | D:7      | Reached ** piety under Wu Jian
  6030 | D:7      | Reached skill level 9 in Unarmed Combat
  6035 | D:7      | Reached skill level 5 in Fighting
  6280 | D:6      | Bought a potion of haste for 120 gold pieces
  6280 | D:6      | Bought a potion of might for 48 gold pieces
  6280 | D:6      | Bought a potion of lignification for 36 gold pieces
  6443 | D:8      | Found a shadowy altar of Dithmenos.
  6524 | D:8      | Reached XP level 10. HP: 77/96 MP: 9/9
  6535 | D:8      | Reached skill level 10 in Unarmed Combat
  6591 | D:8      | Found a hazy altar of Hepliaklqana.
  6652 | D:8      | Found a flagged portal.
  6701 | Bailey   | Entered a bailey
  6748 | Bailey   | Reached *** piety under Wu Jian
  6782 | Bailey   | Found a large runed translucent door.
  6782 | Bailey   | Found a large runed translucent door.
  6782 | Bailey   | Noticed an orc knight
  6783 | Bailey   | Noticed a deep elf pyromancer
  6983 | D:8      | Noticed a two-headed ogre
  6987 | D:8      | Killed a two-headed ogre
  7325 | D:9      | Found a radiant altar of Vehumet.
  7325 | D:9      | Found an ancient bone altar of Kikubaaqudgha.
  7325 | D:9      | Found a bloodstained altar of Trog.
  7325 | D:9      | Found a sparkling altar of Nemelex Xobeh.
  7326 | D:9      | Found a glowing golden altar of the Shining One.
  7326 | D:9      | Found a hide-covered altar of Uskayaw.
  7327 | D:9      | Found a shimmering altar of Xom.
  7328 | D:9      | Found a sacrificial altar of Ru.
  7328 | D:9      | Found a blossoming altar of Fedhas.
  7329 | D:9      | Found an iron altar of Okawaru.
  7429 | D:9      | Reached skill level 11 in Unarmed Combat
  7576 | D:9      | Reached skill level 10 in Shapeshifting
  7720 | D:9      | Found an opulent altar of Gozag.
  7754 | D:9      | Found Wusm's General Store.
  7926 | D:10     | Entered Level 10 of the Dungeon
  7933 | D:10     | Reached XP level 11. HP: 107/107 MP: 10/10
  8198 | D:10     | Found a staircase to the Lair.
  8457 | Lair:1   | Entered Level 1 of the Lair of Beasts
  8477 | Lair:1   | Reached **** piety under Wu Jian
  8646 | Lair:1   | Reached skill level 12 in Unarmed Combat
  8696 | Lair:1   | Found a runed translucent door.
  8696 | Lair:1   | Noticed MrClown's ghost (journeyman MiGl)
  9258 | Lair:2   | Found a hole to the Spider Nest.
  9258 | Lair:2   | Noticed an orb spider
 10363 | Lair:3   | Reached XP level 12. HP: 114/118 MP: 11/11
 10372 | Lair:3   | Reached skill level 13 in Unarmed Combat
 10484 | Lair:3   | Reached ***** piety under Wu Jian
 10562 | Lair:3   | Noticed a four-headed hydra
 10570 | Lair:3   | Killed a four-headed hydra
 10805 | Lair:3   | Found a staircase to the Swamp.
 12026 | Lair:5   | Entered Level 5 of the Lair of Beasts
 12026 | Lair:5   | Noticed a five-headed hydra
 12028 | Lair:5   | Killed a five-headed hydra
 12044 | Lair:5   | Found a viscous altar of Jiyva.
 12044 | Lair:5   | Found a staircase to the Slime Pits.
 12097 | Lair:5   | Identified the +5 dagger "Pet Hocw" {protect, *Noise rN++
                  | Will+ SInv}
 12097 | Lair:5   | Noticed a boulder beetle
 12103 | Lair:5   | Killed a boulder beetle
 12104 | Lair:5   | Reached skill level 14 in Unarmed Combat
 12161 | Lair:5   | Reached XP level 13. HP: 100/127 MP: 12/12
 12316 | Lair:5   | Reached skill level 5 in Dodging
 12519 | Lair:5   | Reached skill level 15 in Unarmed Combat
 13032 | Lair:5   | Reached ****** piety under Wu Jian
 13090 | Lair:5   | Reached XP level 14. HP: 140/140 MP: 13/13
 13939 | D:11     | Noticed Harold
 13951 | D:11     | Killed Harold
 13994 | D:11     | Acquired 1100 gold pieces
 13996 | D:11     | Acquired the ring of Meitofre {^Contam rF+ rC+ rCorr Dex+3}
 14174 | D:11     | Found a portal to a secret trove of treasure.
 14566 | D:12     | Found a staircase to the Orcish Mines.
 14569 | D:12     | Found Ykikyic's Weapon Emporium.
 15087 | D:13     | Reached skill level 16 in Unarmed Combat
 15093 | D:13     | Found a basalt altar of Yredelemnul.
 15566 | D:14     | Identified the ring "Plog" {rElec AC+4}
 15618 | D:14     | Found a gate to the Vaults.
 15826 | D:14     | Reached skill level 15 in Shapeshifting
 16001 | D:14     | Found a glowing golden altar of the Shining One.
 16016 | D:14     | Reached XP level 15. HP: 149/149 MP: 14/14
 16282 | Orc:1    | Entered Level 1 of the Orcish Mines
 16397 | Orc:2    | Entered Level 2 of the Orcish Mines
 16443 | Orc:2    | Found a staircase to the Elven Halls.
 16468 | Orc:2    | Found Sutixywig's General Store.
 16470 | Orc:2    | Reached skill level 10 in Fighting
 16548 | Orc:2    | Found Duuceik's Antique Armour Boutique.
 16723 | Orc:1    | Reached skill level 17 in Unarmed Combat
 16813 | Orc:2    | Found Urra's Jewellery Shoppe.
 17373 | Orc:2    | Found Jiroipp's Antique Weapon Emporium.
 17632 | Orc:1    | Noticed Urug
 17636 | Orc:1    | Killed Urug
 17716 | Orc:1    | Reached skill level 1 in Evocations
 17863 | Orc:1    | Found Vemejaiq's Magic Scroll Emporium.
 17873 | Orc:1    | Bought a scroll of teleportation for 51 gold pieces
 18175 | D:15     | Entered Level 15 of the Dungeon
 18646 | D:15     | Noticed Kirke
 18651 | D:15     | Killed Kirke
 18678 | D:15     | Found a staircase to the Depths.
 19390 | Swamp:1  | Entered Level 1 of the Swamp
 19449 | Swamp:1  | You fall into a shaft and drop 1 floor!
 19467 | Swamp:2  | Noticed a thorn hunter
 19477 | Swamp:2  | Killed a thorn hunter
 19478 | Swamp:2  | Reached XP level 16. HP: 106/161 MP: 15/15
 19672 | Swamp:2  | Reached skill level 18 in Unarmed Combat
 19718 | Swamp:2  | Noticed Roxanne
 19727 | Swamp:2  | Killed Roxanne
 20641 | Swamp:3  | Noticed a thorn hunter
 20659 | Swamp:3  | Killed a thorn hunter
 21134 | Swamp:3  | Identified the +5 flail "Ceoshruna" {flame, rF+ MP+9}
 21207 | Swamp:4  | Entered Level 4 of the Swamp
 21411 | Swamp:4  | Noticed the 27-headed Lernaean hydra
 21631 | Spider:1 | Entered Level 1 of the Spider Nest
 21851 | Spider:1 | Reached XP level 17. HP: 48/170 MP: 16/16
 22815 | Spider:1 | Reached skill level 19 in Unarmed Combat
 23866 | Spider:3 | Reached skill level 5 in Evocations
 23993 | Spider:3 | Noticed Agnes
 23999 | Spider:3 | Killed Agnes
 24418 | Spider:4 | Entered Level 4 of the Spider Nest
 25096 | Spider:4 | Reached XP level 18. HP: 182/182 MP: 17/17
 25516 | Spider:4 | Got a gossamer rune of Zot
 25863 | Swamp:4  | Reached skill level 20 in Unarmed Combat
 26167 | Swamp:4  | Killed the 27-headed Lernaean hydra
 26232 | Swamp:4  | Got a decaying rune of Zot
 26870 | Vaults:1 | Entered Level 1 of the Vaults
 26901 | Vaults:1 | Reached skill level 10 in Dodging
 27225 | Vaults:1 | Identified the serpent talisman "Seabocy" {rC++ Str-3}
 27225 | Vaults:1 | Noticed Aizul
 27234 | Vaults:1 | Killed Aizul
 27549 | Vaults:1 | Reached XP level 19. HP: 192/192 MP: 18/18
 27841 | Vaults:2 | Noticed Mennas
 27849 | Vaults:2 | Slain by Mennas

Illustrated notes

Levels and vault maps discovered:
D:1:      shiori_arrival_oz, layout_basic, serial_shops, nicolae_shop_mannequins
D:2:      kennysheep_big_flooded_room, layout_loops_ring, serial_shops,
          nicolae_shop_behind_doors, basic_altar, minmay_pentomino_u4,
          uniq_sigmund
D:3:      layout_basic, gup_sewer_entry_pipe, saegor_snake_ambush
D:4:      layout_cave_pods, minmay_temple_entry_butterflies,
          hangedman_abyss_or_decor_passed
D:5:      layout_loops_cross, minmay_misc_feat_diagonals,
          hangedman_abyss_or_decor_stagger
D:6:      layout_loops_ring, serial_shops, nicolae_take_the_stairs, centaur_isle
D:7:      layout_loops_ring, kennysheep_cross_room, uniq_maggie, uniq_maurice
D:8:      layout_basic, grunt_dithmenos_shadows, nzn_hepliaklqana_mist_gate,
          enter_bailey_2
D:9:      layout_gridville, nicolae_overflows_in_rows, grunt_gozag_statues,
          serial_shops, shop
D:10:     layout_roguey, david_lair_shrubbed
D:11:     layout_roguey, enter_trove_3, uniq_harold
D:12:     layout_basic, orc_david_3
D:13:     layout_rooms, nicolae_yredelemnul_corpse_copse
D:14:     layout_roguey [special_room_orc],
          hangedman_vaults_entry_quadrant_bands, tso_metal_star
D:15:     hangedman_depths_entry_civil_slaughter, layout_loops_corners,
          uniq_kirke
Temple:   hellmonk_temple_divided_pantheon
Lair:1:   layout_regular_city, gammafunk_ghost_grave, serial_bayou_shore_b
Lair:2:   layout_gridlike, nicolae_spider_entry_orb_guardian,
          gauntlet_entry_generic, serial_forest, infiniplex_forest_clump_small,
          infiniplex_forest_corner_2, infiniplex_forest_zigzag_1,
          infiniplex_forest_corner_1, infiniplex_forest_straight_1,
          grunt_forest_small_clearing_treed, serial_bayou_shore_a
Lair:3:   layout_chaotic_city, mainiacjoe_swamp_entry_lozenge_pond
Lair:4:   layout_layer_cave, serial_rivers, chequers_serial_rivers_small_3,
          chequers_serial_rivers_micro_d, chequers_serial_rivers_small_b,
          chequers_serial_rivers_small_b, serial_bayou_shore_b,
          infiniplex_staircase_pool, serial_bayou_shore_b
Lair:5:   evilmike_catoblepas_cave, layout_regular_city,
          nicolae_slime_entry_slimehenge, nzn_sisyphean_effort
Swamp:1:  layout_basic_swamp, nicolae_swamp_reclaimed_castle, swamp_pool_5,
          hangedman_swamp_pad
Swamp:2:  layout_basic_swamp, hangedman_swamp_ruin_wall, uniq_roxanne
Swamp:3:  layout_basic_swamp, hangedman_swamp_cone, worms_lemuel
Swamp:4:  grunt_swamp_rune_castle, layout_basic_swamp, swamp_pool_5,
          nicolae_swamp_tree_isthmus
Spider:1: layout_spider_delve
Spider:2: layout_spider_delve, hellmonk_test_site
Spider:3: layout_spider_delve, drop_trap, nicolae_spider_not_touching_you,
          uniq_agnes
Spider:4: spider_rune_water, nicolae_looking_at_the_future
Orc:1:    layout_caves, serial_shops, shop, einodemon_barbed_minivault,
          uniq_urug
Orc:2:    grunt_orc_gardens, layout_caves, grunt_orc_garden, grunt_orc_garden,
          grunt_orc_garden, grunt_orc_garden, nooodl_orcs_dogs
Vaults:1: nicolae_vaults_ellipses_ellipsis, v_misc_4, ontoclasm_vaults_shuriken,
          ontoclasm_vaults_claustrophobia, v_misc_5, nicolae_vaults_tangram_2,
          hangedman_vaults_slither, st_spiral_rooms,
          hangedman_vaults_stretched_pinwheel, v_misc_8,
          nicolae_vaults_six-pack, vaults_dpeg_cross,
          nicolae_vaults_network_star, layout_vaults_maze_bifur, uniq_aizul
Vaults:2: nicolae_vaults_closet_pinwheel_4, hangedman_vaults_nails,
          nicolae_vaults_more_shelving_2, v_misc_26,
          nicolae_vaults_offset_grid_hallway_1, hangedman_vaults_river_flow,
          nicolae_vaults_asterisk, v_misc_2, layout_vaults_big_cross,
          serial_shops, bzr_entry_water, uniq_mennas, uniq_margery

Skill      XL: |  1  2  3  4  5  6  7  8  9 10 11 12 13 14 15 16 17 18 19 |
---------------+----------------------------------------------------------+-----
Fighting       | 1 2 3 4 5 6 7 8 9 10 11 12 | 12.7
Unarmed Combat | 4 5 6 7 8 9 11 12 14 15 16 17 18 19 20 | 20.8
Shapeshifting  | 4 5 7 8 10 11 12 14 15 16 17 18 19 | 19.1
Dodging        | 2 4 5 7 8 9 10 | 10.0
Evocations     | 2 4 5 6 |  6.8

Action                     |  1- 3 |  4- 6 |  7- 9 | 10-12 | 13-15 | 16-18 | 19-21 || total
---------------------------+-------+-------+-------+-------+-------+-------+-------++-------
  Melee: Unarmed           |    88 |   130 |   214 |   460 |   876 |   982 |    46 ||  2796
         Punch             |     1 |       |     6 |     9 |    54 |   111 |     9 ||   190
         Constrict         |       |       |       |    77 |    47 |       |       ||   124
 Invoke: Heavenly Storm    |       |       |       |       |     1 |     2 |       ||     3
         Serpent's Lash    |       |       |       |       |       |     1 |       ||     1
Ability: Lunge             |       |     5 |    25 |    61 |    77 |    64 |     2 ||   234
         Whirlwind         |       |       |     6 |    45 |   121 |   123 |    21 ||   316
         Wall Jump         |       |       |       |     5 |     5 |     1 |       ||    11
  Evoke: Wand              |       |       |       |     5 |       |       |       ||     5
         Phantom mirror    |       |       |       |       |       |     2 |       ||     2
         Box of beasts     |       |       |       |       |       |     1 |       ||     1
    Use: Scroll            |     7 |     7 |     5 |     4 |     5 |     7 |     1 ||    36
         Potion            |       |       |       |     1 |     1 |     3 |     1 ||     6
   Stab: Sleeping          |       |     1 |     2 |     1 |     1 |     1 |       ||     6
         Distracted        |       |       |       |       |       |     4 |       ||     4
 Armour: Animal skin       |    54 |    66 |   120 |       |       |       |       ||   240
         Swamp dragon scal |       |       |    19 |    68 |       |       |       ||    87
         Skin              |       |       |       |   208 |   898 |  1568 |   100 ||  2774
  Dodge: Dodged            |    47 |    49 |    96 |   163 |   540 |   953 |    56 ||  1904
   Form: Beast             |     1 |       |       |       |       |       |       ||     1
         Serpent           |       |       |       |     1 |       |       |       ||     1
         Statue            |       |       |       |       |     1 |       |       ||     1

Table legend: (Time is in decaauts)
 A = Elapsed time spent in this place.
 B = Non-inter-level travel time spent in this place.
 C = Inter-level travel time spent in this place.
 D = Time resting spent in this place.
 E = Time spent auto-exploring this place.
 F = Levels seen in this place.
 G = Mean time per level.
                   A        B        C        D        E       F      G
               +--------+--------+--------+--------+--------+-----+--------+
         Total |  34266 |  31149 |   3117 |   3017 |  20432 |  35 |  979.0 |
       Dungeon |  13698 |  12398 |   1300 |    829 |   8607 |  15 |  913.2 |
        Temple |     30 |     21 |      9 |      0 |      0 |   1 |   30.0 |
          Lair |   5673 |   4939 |    734 |    265 |   3697 |   5 | 1134.6 |
         Swamp |   4575 |   3983 |    592 |    459 |   2391 |   4 | 1143.8 |
   Spider Nest |   5848 |   5636 |    212 |   1273 |   2991 |   4 | 1462.0 |
  Orcish Mines |   2680 |   2483 |    197 |    186 |   1729 |   2 | 1340.0 |
        Vaults |   1392 |   1321 |     71 |      0 |    966 |   2 |  696.0 |
         Sewer |    243 |    243 |      0 |      0 |     50 |   1 |  243.0 |
        Bailey |    122 |    122 |      0 |      4 |      0 |   1 |  122.0 |
               +--------+--------+--------+--------+--------+-----+--------+

Top non-repeatable levels by time:
Spider:1: 2034 daAuts
Spider:4: 1677 daAuts
  Lair:5: 1574 daAuts
    D:15: 1557 daAuts
   Orc:2: 1489 daAuts
 Swamp:4: 1437 daAuts
Vaults:1: 1370 daAuts
     D:6: 1359 daAuts
    D:14: 1331 daAuts
Spider:3: 1258 daAuts
 Swamp:1: 1196 daAuts
   Orc:1: 1191 daAuts
  Lair:4: 1106 daAuts
  Lair:3: 1092 daAuts
  Lair:2: 1087 daAuts
